 Dungeon Crawl Stone Soup version 0.28.0-53-g5a82cb258f (webtiles) character file.

Game seed: 6757997457486857811

37 Legadrian the Skirmisher (level 3, 0/24 HPs)
             Began as a Gargoyle Fighter on July 26, 2022.
             Slain by a worm (5 damage)
             ... on level 2 of the Dungeon on July 27, 2022.
             The game lasted 00:02:27 (1787 turns).

Legadrian the Skirmisher (Gargoyle Fighter)         Turns: 1787, Time: 00:02:29

Health: 0/24       AC: 10    Str: 21    XL:     3   Next: 39%
Magic:  3/3        EV:  9    Int:  8    God:
Gold:   65         SH:  4    Dex:  9    Spells: 2/2 levels left

rFire   . . .      SeeInvis .   a - +0 flail
rCold   . . .      Faith    .   c - +0 buckler
rNeg    + . .      Spirit   .   b - +0 scale mail
rPois   ∞          Reflect  .   (no helmet)
rElec   +          Harm     .   (no cloak)
rCorr   .          Rampage  .   (no gloves)
Will    .....                   (no boots)
Stlth   ..........              (no amulet)
HPRegen 0.08/turn               (no ring)
MPRegen 0.08/turn               (no ring)

@: no status effects
A: sickness immunity, AC +3, negative energy resistance 1, electricity
resistance, torment resistance 1, petrification resistance
a: no special abilities


You were on level 2 of the Dungeon.
You visited 1 branch of the dungeon, and saw 2 of its levels.

You collected 65 gold pieces.

Inventory:

Hand Weapons
 a - a +0 flail (weapon)
Missiles
 g - 36 stones (quivered)
 j - 45 arrows
 l - 5 atropa-tipped darts
Armour
 b - a +0 scale mail (worn)
 c - a +0 buckler (worn)
Scrolls
 f - a scroll of summoning {unknown}
 h - a scroll of identify {unknown}
 i - a scroll of magic mapping {unknown}
Potions
 d - a potion of might
 e - a potion of degeneration {unknown}
 k - a potion of attraction {unknown}
 m - a potion of berserk rage {unknown}


   Skills:
 + Level 4.1 Fighting
 + Level 3.0 Maces & Flails
 - Level 3.2 Armour
 - Level 3.2 Shields


You had 2 spell levels left.
You didn't know any spells.
Your spell library was empty.

Dungeon Overview and Level Annotations

Branches:
Dungeon (2/15)

Altars:

Annotations:
D:2 Jessica


Innate Abilities, Weirdness & Mutations

You are immune to sickness and miasma.
Your stone body is resilient. (AC +3)
You are immune to poison.
You resist negative energy. (rN+)
You are resistant to electric shocks. (rElec)
You are resistant to unholy torment.
You are immune to petrification.


Message History

You open the door.
A worm and Jessica come into view.
Jessica is wielding a +2 dagger of venom.
Jessica shouts!
Jessica mumbles something strange.
Found three items.
There is an open door here.
You hit Jessica.
Jessica is lightly wounded.
Jessica mumbles some strange words.
Jessica blinks!
You hit Jessica but do no damage.
Jessica is lightly wounded.
Jessica hits you with a +2 dagger of venom.
You hit Jessica.
Jessica is severely wounded.
Jessica barely misses you. Jessica hits you but does no damage.
You hit Jessica but do no damage.
Jessica is severely wounded.
The worm bites you. Jessica hits you but does no damage.
You closely miss Jessica.
Jessica is severely wounded.
Jessica hits you but does no damage. You block the worm's attack.
You barely miss Jessica.
Jessica is severely wounded.
You block Jessica's attack. The worm bites you! Jessica closely misses you.
You hit Jessica.
Jessica is severely wounded.
Jessica hits you with a +2 dagger of venom.
The worm bites you.
You barely miss Jessica.
Jessica is severely wounded.
Jessica barely misses you.
You hit Jessica.
Jessica is almost dead.
Jessica casts a spell at you. Pain shoots through your body!
* * * LOW HITPOINT WARNING * * *
The worm bites you.
You die...

.. #.# #.# ## ##.##<#
##### #..... ####
##...###...# #...##
##.....##.@.##.....#
#.......#..@#...)...
#.......†...w....?..
#.......#...#.....?.
##.....##...##.....#
##...###...# #...##
##### #...# #####
##...###...###...##
##.....##...##.....##
#.......#...#.......#


You could see a worm and Jessica.

Vanquished Creatures
  A worm (D:2)
  2 dart slugs
  4 ball pythons
  3 endoplasms
  2 goblins (D:1)
  4 hobgoblins
  4 kobolds
  3 quokkas
  A frilled lizard (D:2)
  3 rats
27 creatures vanquished.

Notes
Turn   | Place    | Note
-------+----------+-------------------------------------------
     0 | D:1      | Legadrian the Gargoyle Fighter began the quest for the Orb.
     0 | D:1      | Reached XP level 1. HP: 14/14 MP: 1/1
   515 | D:1      | Reached XP level 2. HP: 12/19 MP: 2/2
   911 | D:1      | Found a faded altar of an unknown god.
  1448 | D:2      | Reached XP level 3. HP: 24/24 MP: 3/3
  1488 | D:2      | Reached skill level 4 in Fighting
  1776 | D:2      | Noticed Jessica
  1787 | D:2      | Slain by a worm

Illustrated notes

Levels and vault maps discovered:
D:1:      tarquinn_simple_flora_water_b, layout_loops_ring,
          shapermc_ecumenical_altar_mp_vishouse
D:2:      kennysheep_six_static_rooms, layout_basic, uniq_jessica,
          uniq_crazy_yiuf_cottage

Skill      XL: |  1  2  3 |
---------------+----------+-----
Fighting       | 4 |  4.1
Maces & Flails | 3 |  3.0
Armour         | |  3.2
Shields        | |  3.2

Action                   || total
-------------------------++-------
Melee: Flail             ||   109
Armor: Scale mail        ||    35
Dodge: Dodged            ||    53
Block: Buckler           ||    17
